 Dungeon Crawl Stone Soup version 0.26-a0-505-g732bf3b8d2 (webtiles) character file.

Game seed: 15709147720122829390

112 ReteAZ the Covert (level 5, 0/30 HPs)
             Began as a Kobold Brigand on Aug 9, 2020.
             Slain by Duvessa
             ... wielding a +0 short sword
              (15 damage)
             ... on level 6 of the Dungeon.
             The game lasted 00:02:58 (2704 turns).

ReteAZ the Covert (Kobold Brigand)                  Turns: 2704, Time: 00:02:59

Health: 0/30       AC:  6    Str:  8    XL:     5   Next: 16%
Magic:  5/5        EV: 14    Int: 13    God:
Gold:   172        SH:  0    Dex: 17    Spells: 4/4 levels left

rFire    . . .     SeeInvis +   a - +2 dagger
rCold    . . .     Faith    .   (shield restricted)
rNeg     . . .     Spirit   .   b - +0 robe
rPois    .         Reflect  .   q - +0 helmet
rElec    .         Harm     .   c - +0 cloak
rCorr    .                      (no gloves)
MR       .....                  (no boots)
Stlth    +++++.....             (no amulet)
HPRegen  0.10/turn              (no ring)
MPRegen  0.09/turn              (no ring)

@: no status effects
A: small, iridescent scales 1, see invisible, nightstalker 3
a: no special abilities


You were on level 6 of the Dungeon.
You visited 1 branch of the dungeon, and saw 4 of its levels.

You collected 172 gold pieces.

Inventory:

Hand Weapons
 a - a +2 dagger (weapon)
Missiles
 d - 20 poisoned darts (quivered)
 e - 2 curare-tipped darts
 f - a throwing net
Armour
 b - a +0 robe (worn)
 c - a +0 cloak (worn)
 q - a +0 helmet (worn)
Jewellery
 k - an uncursed ring of poison resistance {unknown}
 o - an uncursed ring of magical power {unknown}
 p - a cursed -4 ring of evasion {unknown}
 t - an uncursed ring of protection from cold {unknown}
Scrolls
 j - 2 scrolls of identify
 n - a scroll of random uselessness {unknown}
 s - 2 scrolls of remove curse
 u - a scroll of magic mapping {unknown}
Potions
 r - a potion of curing


   Skills:
 - Level 2.1 Fighting
 - Level 2.6 Short Blades
 - Level 2.1 Throwing
 - Level 1.2 Dodging
 + Level 8.5 Stealth


You had 4 spell levels left.
You didn't know any spells.
Your spell library was empty.

Dungeon Overview and Level Annotations

Branches:
Dungeon (3/15)

Altars:
Ashenzari
Hepliaklqana
Kikubaaqudgha
Qazlal
Xom

Annotations:
D:6 Dowan, Duvessa


Innate Abilities, Weirdness & Mutations

You are small and have problems with some larger weapons.
You are completely attuned to the shadows.
You are partially covered in iridescent scales. (AC +2)
You have supernaturally acute eyesight. (SInv)


Message History

s - 2 scrolls of remove curse Duvessa misses you.
Duvessa barely misses you.
As you read the scroll labeled DUTICIBOCS, it crumbles to dust.
You hear a loud clanging noise!
It was a scroll of noise.
The bullfrog croaks.
You hear a shout!
You hear a croak.
You hear a shout!
Something shouts, "Surrender, thou ducking fly-bitten tinkerer!"
You hear a howl!
You hear a loud, deep croak!
Duvessa misses you.
There are no items here.
As you read the scroll labeled COGOTHR NICRA, it crumbles to dust.
It is a scroll of amnesia.
You feel forgetful for a moment. Duvessa completely misses you.
Duvessa hits you with a +0 short sword!
As you read the scroll labeled XEAT ECZUO, it crumbles to dust.
You assume a fearsome visage.
The bullfrog looks frightened!
The iguana looks frightened!
It was a scroll of fear.
Duvessa hits you with a +0 short sword!
Ouch! That really hurt!
You die...

#### ....##
.....#
...#.###
...._..#
...#.#.#
....F..#
....?5######
...l!e@....
....#######
.... ....


You could see Duvessa (berserk), a bullfrog (fleeing), an iguana (fleeing) and
an ufetubus.

Vanquished Creatures
  An orc wizard (D:3)
  An adder (D:2)
  2 oozes
  2 dart slugs (D:1)
  3 leopard geckos
  2 orcs (D:3)
  A ball python (D:3)
  7 bats
  4 giant cockroaches
  8 goblins
  6 hobgoblins
  A quokka (D:2)
  3 frilled lizards
  9 kobolds
  5 rats
55 creatures vanquished.

Notes
Turn   | Place    | Note
-------+----------+-------------------------------------------
     0 | D:1      | ReteAZ the Kobold Brigand began the quest for the Orb.
     0 | D:1      | Reached XP level 1. HP: 12/12 MP: 1/1
   185 | D:1      | Reached XP level 2. HP: 17/17 MP: 2/2
   242 | D:1      | Reached skill level 6 in Stealth
   943 | D:1      | Reached XP level 3. HP: 17/21 MP: 3/3
  1337 | D:1      | Reached skill level 7 in Stealth
  1814 | D:2      | Reached XP level 4. HP: 26/26 MP: 4/4
  2168 | D:2      | Found a stormy altar of Qazlal.
  2391 | D:3      | HP: 1/26 [orc/+0 flail (5)]
  2393 | D:3      | Gained mutation: You are partially covered in iridescent
                  | scales. (AC +2) [potion of mutation]
  2393 | D:3      | Gained mutation: You have supernaturally acute eyesight.
                  | (SInv) [potion of mutation]
  2397 | D:3      | Reached skill level 8 in Stealth
  2397 | D:3      | Reached XP level 5. HP: 27/30 MP: 5/5
  2558 | D:3      | Found a hazy altar of Hepliaklqana.
  2562 | D:3      | Found an ancient bone altar of Kikubaaqudgha.
  2567 | D:3      | Found a shimmering altar of Xom.
  2691 | D:3      | You fall into a shaft and drop 3 floors!
  2691 | D:6      | Found a shattered altar of Ashenzari.
  2692 | D:6      | Noticed Duvessa
  2693 | D:6      | Noticed Dowan
  2694 | D:6      | Noticed a bullfrog
  2704 | D:6      | Slain by Duvessa

Illustrated notes

Levels and vault maps discovered:
D:1:      dpeg_arrival_long_road, layout_basic
D:2:      layout_loops_ring, lemuel_doored_altar
D:3:      layout_basic, gammafunk_temple_overflow_forgotten, led_sif_pool,
          uniq_natasha, uniq_terence
D:6:      layout_rooms, nicolae_dithmenos_through_a_glass_darkly,
          ashenzari_altar_1, gup_sewer_entry_glass, serial_shops,
          nicolae_shop_stone, uniq_menkaure, uniq_duvessa

Skill      XL: |  1  2  3  4 |
---------------+-------------+-----
Stealth        | 6 7 8 |  8.5
Fighting       | |  2.1
Short Blades   | |  2.6
Throwing       | |  2.1
Dodging        | |  1.2

Action                   |  1- 3 |  4- 6 || total
-------------------------+-------+-------++-------
Melee: Dagger            |   101 |    62 ||   163
Throw: Dart              |       |     3 ||     3
  Use: Potion            |       |     5 ||     5
       Scroll            |       |     4 ||     4
 Stab: Sleeping          |    18 |    11 ||    29
Armor: Robe              |    11 |    10 ||    21
       Skin              |       |     4 ||     4
Dodge: Dodged            |    60 |    38 ||    98

Table legend: (Time is in decaauts)
 A = Elapsed time spent in this place.
 B = Non-inter-level travel time spent in this place.
 C = Inter-level travel time spent in this place.
 D = Time resting spent in this place.
 E = Time spent auto-exploring this place.
 F = Levels seen in this place.
 G = Mean time per level.
                   A        B        C        D        E       F      G
               +--------+--------+--------+--------+--------+-----+--------+
         Total |   2681 |   2645 |     36 |    242 |   2022 |   4 |  670.2 |
       Dungeon |   2681 |   2645 |     36 |    242 |   2022 |   4 |  670.2 |
               +--------+--------+--------+--------+--------+-----+--------+

Top non-repeatable levels by time:
     D:1: 1530 daAuts
     D:2: 642 daAuts
     D:3: 496 daAuts
     D:6: 12 daAuts
